 Dungeon Crawl Stone Soup version 0.31-a0-187-gba352fbbf7 (webtiles) character file.

Game seed: 17085327604837886668

20 qw the Shooter (level 2, -1/13 (16) HPs)
             Began as a Deep Elf Hunter on June 22, 2023.
             Slain by a kobold
             ... wielding a +0 whip
              (2 damage)
             ... on level 1 of the Dungeon.
             The game lasted 00:00:09 (282 turns).

qw the Shooter (Deep Elf Hunter)                     Turns: 282, Time: 00:00:09

HP:   -1/13 (16)    AC:  3    Str:  8    XL:     2   Next: 58%
MP:   4/4           EV:  9    Int: 13    God:
Gold: 21            SH:  0    Dex: 18    Spells: 1/1 levels left

rFire   . . .        a - +0 shortbow
rCold   . . .        (shield currently unavailable)
rNeg    . . .        c - +0 leather armour
rPois   .            (no helmet)
rElec   .            (no cloak)
rCorr   .            (no gloves)
SInv    .            (no boots)
Will    .....        (no amulet)
Stlth   ++           (no ring)
HPRegen 0.22/turn    (no ring)
MPRegen 0.09/turn

%: no passive effects
@: constricted, heavily drained
A: no striking features
a: no special abilities


You were on level 1 of the Dungeon.
You visited 1 branch of the dungeon, and saw 1 of its levels.

You collected 21 gold pieces.


   Skills:
 - Level 1.5 Fighting
 + Level 6.3 Ranged Weapons
 - Level 2.4 Dodging
 - Level 1.2 Stealth


You had one spell level left.
You didn't know any spells.
Your spell library was empty.

Inventory:

Hand Weapons
 a - a +0 shortbow (weapon)
Armour
 c - a +0 leather armour (worn)
Scrolls
 b - a scroll of butterflies

Dungeon Overview and Level Annotations

Branches:
Dungeon (1/15)

Altars:


Message History

A kobold and a ball python come into view.
Enter note:
Enter note: You shoot an arrow.
The arrow hits the kobold but does no damage.
You hear a shout!
A kobold comes into view.
It is wielding a +0 short sword of draining.
You shoot an arrow. The arrow misses the kobold.
An endoplasm comes into view.
The kobold misses you.
You shoot an arrow. The arrow misses the kobold.
The arrow hits the endoplasm.
You kill the endoplasm!
The kobold misses you. The kobold completely misses you.
You shoot an arrow. The arrow closely misses the kobold.
The ball python bites you but does no damage.
The ball python grabs you. The ball python constricts you.
The kobold misses you. The kobold barely misses you.
The ball python bites you but does no damage.
The ball python constricts you.
You shoot an arrow.
The arrow barely misses the ball python.
The kobold hits you with a +0 short sword of draining.
You feel drained. The kobold hits you with a +0 whip.
The ball python bites you. The ball python constricts you.
You shoot an arrow.
The arrow barely misses the ball python.
The ball python bites you but does no damage.
The ball python constricts you. The kobold hits you but does no damage.
You feel drained. The kobold completely misses you. The ball python bites you.
The ball python constricts you.
You shoot an arrow. The arrow hits the ball python.
The ball python is moderately wounded.
The kobold hits you with a +0 whip. The kobold hits you but does no damage.
You feel drained. The ball python barely misses you.
The ball python constricts you.
You shoot an arrow.
The arrow hits the ball python but does no damage.
The ball python is moderately wounded.
The kobold hits you with a +0 whip.
You die...

##
#.#.#.#.#.######.#.#
........ #.#.# ##
#.#.#.# ## #.#.### #
#....... ..# #.... .
###.#.#.# #.# #.###
. ........>..
####.### #
##.#.#.#.#.#..
........ #
#.....KK....#
#####.... #.#@#
......... #.#S#
######.. #.#.# #.>
#.#.. #.# #.###. #.#
#.# .# ##.# #.# #
########... ##.# #.#
#.........# #..# #.#
#.######..#


You could see a ball python and 2 kobolds.

Vanquished Creatures
  A dart slug (D:1)
  2 bats (D:1)
  An endoplasm (D:1)
  A giant cockroach (D:1)
  2 goblins (D:1)
  A quokka (D:1)
  A ball python (D:1)
  5 kobolds (D:1)
  4 rats (D:1)
18 creatures vanquished.

Notes
Turn   | Place    | Note
-------+----------+-------------------------------------------
     0 | D:1      | qw the Deep Elf Hunter began the quest for the Orb.
     0 | D:1      | Reached XP level 1. HP: 12/12 MP: 3/3
     0 | D:1      | 0 ||| qw: Version: 0.3-a-9-g12657ce
     0 | D:1      | 0 ||| qw: Game counter: 2094
     0 | D:1      | 0 ||| qw: Always use a shield: true
     0 | D:1      | 0 ||| qw: God list: Okawaru
     0 | D:1      | 0 ||| qw: Allow faded altars: false
     0 | D:1      | 0 ||| qw: Do Orc after D:15 true
     0 | D:1      | 0 ||| qw: Do second Lair branch before Depths: true
     0 | D:1      | 0 ||| qw: Lair rune preference: random
     0 | D:1      | 0 ||| qw: Plans: Normal
     0 | D:1      | 0 ||| PLANNING D:1-11
   109 | D:1      | Reached XP level 2. HP: 16/16 MP: 4/4
   114 | D:1      | Reached skill level 6 in Ranged Weapons
   281 | D:1      | HP: 1/14 [kobold/+0 whip (3)]
   282 | D:1      | Slain by a kobold

Levels and vault maps discovered:
D:1:      dpeg_arrival_pits, layout_loops_ring, st_stairs_10

Skill      XL: |  1  2 |
---------------+-------+-----
Ranged Weapons | 6 |  6.3
Fighting       | |  1.5
Dodging        | |  2.4
Stealth        | |  1.2

Action                     || total
---------------------------++-------
   Fire: Shortbow          ||    41
 Armour: Leather armour    ||     7
  Dodge: Dodged            ||    10

Table legend:
 A = Non-vault XP
 B = Vault XP
 C = Vault XP percentage of total XP
 D = Non-vault monster count
 E = Vault monster count
 F = Vault count percentage of total count
                 A         B        C        D         E       F
            +---------+---------+-------+---------+---------+-------
      Total |      29 |       0 |   0.0 |      18 |       0 |   0.0
            +---------+---------+-------+---------+---------+-------
        D:1 |      29 |       0 |   0.0 |      18 |       0 |   0.0
            +---------+---------+-------+---------+---------+-------
